Map: [EWC] Site Delta

Players

ByuN - Winner!

  • Race: Terran Terran
  • Spawn Location: 5:00

Oliveira

  • Race: Terran Terran
  • Spawn Location: 11:00

Event: Esports World Cup 2024

VOD

Have the link to the VOD?

Description

Time

  • Played on: Aug. 16, 2024, 8:58 a.m.
  • Length: 13:33

All games in this series

Show
View Real Time Build Order
Export as new Build Order

ByuN Terran - Winner!

Build Orders: Cyclone Opening, Gas First Reaper Expand 

Get SALT Encoding   

  12  0:00  SCV  
  13  0:12  SCV  
  14  0:17  Supply Depot  
  14  0:24  SCV  
  14  0:27  Refinery  
  15  0:39  SCV  
  16  0:43  Barracks  
  16  0:51  SCV  
  17  1:03  SCV  
  18  1:15  SCV  
  19  1:30  Orbital Command, Reaper  
  20  1:42  Command Center  
  20  1:52  Factory  
  20  1:55  SCV  
  21  2:04  Supply Depot, Marine  
  21  2:08  SCV  
  23  2:11  Refinery  
  23  2:25  Marine  
  23  2:26  SCV  
  25  2:35  Hellion  
  27  2:37  Starport  
  27  2:38  SCV  
  27  2:44  Barracks Reactor  
  28  2:50  SCV  
  29  2:54  Orbital Command  
  29  2:57  Cyclone  
  31  3:02  SCV  
  32  3:14  SCV, Medivac  
  32  3:19  SCV  
  36  3:20  Marine x2  
  36  3:21  Supply Depot  
  36  3:26  SCV  
  39  3:29  Cyclone  
  39  3:31  SCV  
  42  3:35  Refinery  
  42  3:38  SCV  
  42  3:39  Marine  
  42  3:40  Marine  
  45  3:44  SCV  
  45  3:46  Supply Depot  
  45  3:47  Starport Tech Lab  
  46  3:50  SCV  
  47  3:57  SCV, Marine x2  
  47  4:02  Factory Tech Lab  
  50  4:03  SCV  
  50  4:09  Raven, SCV  
  54  4:10  Supply Depot  
  54  4:18  SCV, Marine x2  
  54  4:22  Siege Tank, Interference Matrix  
  60  4:24  SCV  
  60  4:30  SCV  
  62  4:37  SCV  
  63  4:40  Marine  
  63  4:41  Marine  
  63  4:42  SCV  
  63  4:43  Supply Depot  
  66  4:46  Raven  
  66  4:49  SCV  
  69  4:54  SCV  
  70  5:00  Command Center  
  70  5:05  Supply Depot, SCV, Siege Tank  
  70  5:06  SCV  
  75  5:11  Marine  
  75  5:12  Marine  
  77  5:24  SCV  
  77  5:27  SCV  
  69  5:36  SCV  
  69  5:39  SCV, Siege Tank  
  69  5:42  Barracks  
  77  5:44  Refinery  
  77  5:47  Barracks  
  77  5:48  SCV  
  77  5:49  Marine  
  78  5:50  Liberator  
  78  5:51  SCV, Liberator  
  78  5:55  Engineering Bay  
  78  5:56  Engineering Bay, Stimpack  
  82  6:02  SCV  
  82  6:03  SCV  
  84  6:07  Marine  
  85  6:12  Orbital Command, Siege Tank  
  88  6:25  SCV, Marine  
  90  6:30  Terran Infantry Weapons Level 1, Terran Infantry Armor Level 1  
  90  6:34  Orbital Command  
  90  6:36  Barracks  
  90  6:37  Barracks Reactor x2  
  90  6:38  Barracks  
  90  6:40  SCV x2  
  90  6:41  Supply Depot  
  90  6:42  Supply Depot  
  90  6:43  Marine  
  95  6:52  SCV x2  
  97  6:57  Siege Tank, Viking  
  97  6:58  Viking  
  97  7:01  SCV, Marine  
  100  7:04  SCV x2  
  103  7:13  SCV, Marine  
  102  7:16  SCV x2  
  102  7:18  Marine  
  102  7:19  Marine x3  
  106  7:25  SCV  
  106  7:29  Siege Tank  
  110  7:30  Marine  
  110  7:33  Barracks Reactor  
  110  7:34  Barracks Reactor  
  110  7:36  Marine x2, Refinery x2  
  112  7:37  Supply Depot, Sensor Tower  
  112  7:38  Supply Depot, SCV x3  
  112  7:39  Marine x2  
  118  7:46  Medivac  
  118  7:48  Marine  
  119  7:52  Combat Shield  
  119  7:54  SCV x2, Marine x2  
  119  7:56  SCV, Marine  
  119  7:57  Marine  
  109  8:06  SCV, Marine  
  109  8:07  Siege Tank  
  109  8:12  Marine x2, Medivac  
  116  8:13  Marine  
  116  8:14  Marine x3  
  116  8:16  Medivac  
  116  8:17  Marine x2  
  126  8:23  Armory  
  126  8:24  Marine  
  127  8:30  Marine x2  
  127  8:31  Marine x2  
  127  8:32  Marine x2  
  133  8:38  Marine x2  
  133  8:42  Siege Tank, Marine, Medivac  
  133  8:47  Marine  
  133  8:48  Marine  
  138  8:49  Marine  
  138  8:52  Supply Depot  
  139  8:57  Marine x5  
  139  8:59  Marine, Command Center  
  139  9:02  Supply Depot  
  145  9:06  Marine  
  145  9:09  Terran Infantry Armor Level 2, Terran Infantry Weapons Level 2  
  147  9:11  Marine  
  147  9:15  Marine x2  
  147  9:16  SCV x3  
  153  9:19  Supply Depot, Siege Tank  
  155  9:30  Marine x6, Barracks Reactor  
  161  9:31  Factory  
  161  9:41  Marine x2  
  161  9:42  Supply Depot  
  162  9:47  Marine  
  162  9:48  Marine x5  
  171  9:52  Siege Tank  
  171  9:58  Marine  
  172  10:00  SCV  
  172  10:02  Barracks  
  172  10:03  Barracks x2  
  172  10:04  SCV, Marine  
  172  10:05  Marine  
  170  10:12  Marine  
  158  10:14  Marine  
  158  10:16  Marine x2  
  158  10:18  Marine  
  158  10:19  Marine x3  
  165  10:22  Marine  
  165  10:23  Marine  
  165  10:25  Siege Tank  
  163  10:30  Siege Tank, Marine  
  163  10:32  Marine  
  163  10:34  Marine x2  
  168  10:35  SCV x2  
  168  10:36  Planetary Fortress, SCV  
  168  10:42  Marine x5  
  174  10:44  Marine  
  174  10:49  Barracks Reactor x3  
  177  10:56  Marine x4  
  184  10:57  Siege Tank  
  184  11:01  Medivac x2  
  188  11:04  Supply Depot  
  185  11:20  Marine  
  185  11:22  Siege Tank  
  185  11:23  Marine x5  
  191  11:29  Siege Tank  
  191  11:31  Command Center  
  190  11:34  Marine  
  190  11:35  Marine x2  
  190  11:39  Medivac x2  
  192  11:42  Marine x3  
  192  11:43  Marine x2  
  192  11:44  Marine x2  
  199  11:48  Marine  
  199  11:53  Marine  
  197  11:54  Siege Tank, Marine x2  
  197  11:57  Marine  
  197  11:59  Marine  
  197  12:00  Marine  
  197  12:01  Siege Tank  
  182  12:02  Marine  
  182  12:03  Marine x5  
  182  12:05  Marine x2  
  182  12:06  Marine x2  
  178  12:11  Marine  
  178  12:12  Marine x2  
  178  12:15  Marine  
  165  12:16  Medivac x2  
  165  12:17  Marine x2  
  165  12:20  Marine x5  
  177  12:22  Marine  
  177  12:23  Marine x2  
  177  12:24  Marine  
  177  12:26  Siege Tank  
  178  12:31  Marine  
  178  12:32  Marine x3  
  178  12:33  Siege Tank  
  178  12:34  Marine  
  178  12:35  Marine x2  
  178  12:38  Marine x4  
  178  12:39  Marine  
  178  12:40  Marine  
  178  12:41  Marine x2  
  178  12:42  Marine  
  187  12:46  Planetary Fortress, Medivac x2  
  187  12:48  Marine, Missile Turret  
  187  12:50  Marine x2  
  194  13:06  Missile Turret  
  194  13:14  Marine x6  
  181  13:28  Command Center  
Show
View Real Time Build Order
Export as new Build Order

Oliveira Terran 

Build Orders: Cyclone Opening, Gas First Reaper Expand 

Get SALT Encoding   

  12  0:00  SCV  
  13  0:12  SCV  
  14  0:17  Supply Depot  
  14  0:24  SCV  
  15  0:29  Refinery  
  15  0:39  SCV  
  16  0:43  Barracks  
  16  0:51  SCV  
  17  1:03  SCV  
  18  1:15  SCV  
  19  1:30  Reaper  
  19  1:31  Orbital Command  
  20  1:44  Command Center  
  20  1:54  Factory  
  20  1:58  SCV  
  21  2:05  Supply Depot  
  21  2:07  Marine  
  22  2:12  SCV  
  23  2:18  Refinery  
  23  2:26  Marine  
  23  2:27  SCV  
  25  2:38  Hellion  
  25  2:39  SCV, Starport  
  28  2:46  Barracks Reactor  
  28  2:51  SCV  
  29  2:56  Orbital Command  
  29  2:59  Cyclone  
  29  3:03  SCV  
  32  3:15  SCV  
  32  3:16  Medivac  
  35  3:21  SCV  
  35  3:22  Supply Depot  
  35  3:25  Marine x2  
  38  3:27  SCV  
  38  3:32  Cyclone  
  38  3:33  SCV  
  42  3:43  SCV, Marine x2  
  42  3:46  Liberator  
  42  3:48  Supply Depot  
  48  3:51  SCV  
  49  3:55  SCV  
  50  4:04  SCV  
  50  4:06  Factory Tech Lab  
  50  4:08  Marine x2  
  53  4:10  SCV  
  53  4:16  SCV  
  53  4:22  SCV, Command Center  
  54  4:26  Supply Depot  
  54  4:28  Siege Tank  
  54  4:29  SCV  
  58  4:31  Starport Tech Lab  
  58  4:34  Refinery  
  58  4:38  SCV  
  59  4:40  Marine x2  
  59  4:41  SCV  
  62  4:48  Supply Depot  
  62  4:50  Raven  
  62  4:52  SCV  
  65  4:53  Interference Matrix, SCV  
  66  5:00  Barracks  
  66  5:04  SCV, Barracks  
  66  5:06  SCV  
  68  5:09  Factory Reactor  
  68  5:11  Marine  
  69  5:16  SCV, Engineering Bay x2  
  69  5:19  Stimpack  
  66  5:21  SCV  
  67  5:28  SCV  
  67  5:33  SCV  
  69  5:36  Orbital Command  
  69  5:37  Raven  
  69  5:40  SCV  
  69  5:45  Marine, Refinery  
  69  5:46  SCV  
  69  5:47  Marine  
  69  5:48  Marine  
  73  5:53  SCV  
  73  5:57  Supply Depot  
  74  5:58  SCV  
  74  5:59  Marine x2  
  74  6:00  Bunker  
  74  6:03  Marine  
  78  6:05  SCV  
  78  6:08  Supply Depot  
  78  6:10  Marine  
  80  6:11  Marine  
  80  6:17  Siege Tank  
  84  6:21  Marine  
  84  6:22  Starport Reactor, Marine  
  84  6:23  Marine, Barracks  
  84  6:25  Barracks  
  86  6:28  Marine  
  86  6:29  Marine  
  86  6:31  Terran Infantry Weapons Level 1, Terran Infantry Armor Level 1  
  87  6:36  SCV  
  87  6:39  Marine  
  89  6:41  Marine  
  89  6:44  Marine  
  91  6:52  Marine  
  91  6:53  Siege Tank  
  94  6:56  SCV  
  94  6:59  Marine  
  97  7:03  Marine  
  97  7:05  Marine  
  97  7:07  Medivac  
  100  7:15  Medivac  
  97  7:19  Combat Shield  
  97  7:20  SCV x2, Barracks Reactor  
  97  7:21  Marine x2  
  96  7:23  Marine  
  96  7:27  Siege Tank  
  96  7:28  SCV  
  101  7:32  Supply Depot x2  
  101  7:47  Marine  
  101  7:53  Marine x4, Medivac  
  101  7:56  Marine x2  
  98  8:02  Siege Tank  
  98  8:03  Viking  
  98  8:05  SCV x2, Marine  
  97  8:07  Orbital Command  
  97  8:10  Marine  
  97  8:11  Marine  
  101  8:13  Marine  
  101  8:15  Marine x2  
  101  8:17  SCV x2  
  106  8:20  Armory  
  106  8:23  Marine  
  103  8:28  Marine  
  103  8:29  SCV x2  
  103  8:30  Marine  
  103  8:33  Viking  
  109  8:36  SCV  
  109  8:41  SCV x2  
  108  8:43  Barracks Reactor x2  
  107  8:48  SCV  
  107  8:52  Supply Depot  
  107  8:53  SCV  
  107  8:55  Siege Tank  
  114  8:56  SCV  
  114  9:02  SCV  
  114  9:05  SCV  
  114  9:08  Viking  
  114  9:09  Command Center  
  116  9:12  SCV  
  116  9:13  Viking  
  116  9:15  Supply Depot  
  116  9:16  SCV  
  120  9:19  Terran Infantry Armor Level 2  
  120  9:22  Terran Infantry Weapons Level 2  
  121  9:24  SCV  
  121  9:28  SCV x2  
  121  9:29  Supply Depot, Terran Vehicle Weapons Level 1  
  123  9:32  Supply Depot  
  123  9:36  Marine  
  123  9:38  SCV, Refinery  
  125  9:39  Marine x3  
  125  9:40  SCV, Marine x3  
  125  9:42  SCV  
  133  9:50  Siege Tank, Marine x2  
  138  9:54  Supply Depot, Marine  
  138  9:56  Marine  
  138  9:57  SCV, Sensor Tower  
  138  9:58  SCV  
  138  9:59  Marine  
  143  10:02  Marine x2  
  143  10:04  Missile Turret  
  141  10:11  Marine  
  141  10:12  Marine  
  141  10:14  Marine x3  
  126  10:16  SCV  
  126  10:20  Marine  
  131  10:24  Marine x2  
  131  10:28  Siege Tank, SCV x2  
  129  10:29  Refinery  
  129  10:30  Factory  
  129  10:32  Marine x2  
  129  10:33  Planetary Fortress  
  129  10:35  Marine x2, Barracks Reactor  
  135  10:37  Marine  
  135  10:39  SCV  
  135  10:42  SCV  
  138  10:45  Marine x2  
  138  10:46  Viking x2  
  138  10:47  SCV  
  145  10:50  Marine, Sensor Tower  
  145  10:51  Marine  
  145  10:52  Marine  
  145  10:53  SCV, Marine  
  150  10:57  Marine  
  150  10:59  Marine  
  150  11:02  Supply Depot, Marine  
  150  11:03  Siege Tank, Marine  
  157  11:08  Marine, Missile Turret  
  157  11:11  Marine  
  158  11:12  Marine  
  159  11:20  Marine x2  
  159  11:21  Siege Tank  
  159  11:23  SCV x2  
  164  11:29  Marine  
  160  11:36  Marine  
  160  11:37  Siege Tank  
  160  11:38  Liberator x2, Marine x2  
  145  11:40  SCV x2  
  145  11:43  SCV, Marine  
  145  11:44  Marine  
  149  11:48  SCV  
  149  11:51  Marine  
  149  11:52  SCV, Marine  
  149  11:54  Siege Tank  
  150  12:00  Marine  
  149  12:01  SCV, Marine  
  149  12:04  Marine x2  
  149  12:05  Supply Depot  
  149  12:06  Marine  
  149  12:08  Marine  
  146  12:09  Marine  
  146  12:11  Marine x2  
  146  12:12  Orbital Command, Siege Tank  
  146  12:13  SCV  
  146  12:15  Marine  
  149  12:17  Marine  
  149  12:20  SCV  
  149  12:21  Marine  
  149  12:22  Marine  
  144  12:32  Marine x2  
  144  12:33  SCV x2  
  144  12:36  Marine  
  147  12:38  Marine  
  147  12:40  Marine  
  147  12:41  Marine x2  
  147  12:43  SCV  
  152  12:47  Siege Tank, Marine  
  152  12:51  Marine  
  157  12:52  SCV  
  159  13:01  Supply Depot, Sensor Tower  
  159  13:02  Refinery  
  160  13:11  Marine x3  
  161  13:13  Marine  
Tags
 
Add a new tag
Caveats
  • Supply blocks, unpowered buildings, or Contaminate may cause inaccurate times.
  • Supply counts are checked every 10 seconds.